 Dungeon Crawl Stone Soup version 0.19-a0-1903-gead39cf (webtiles) character file.

19767 sleepydude the Basher (level 13, -5/105 HPs)
             Began as a Formicid Fighter on Oct 20, 2016.
             Was a High Priest of Okawaru.
             Slain by a catoblepas (14 damage)
             ... on level 4 of the Lair of Beasts on Oct 21, 2016.
             The game lasted 00:33:31 (17678 turns).

sleepydude the Basher (Formicid Fighter)           Turns: 17678, Time: 00:33:32

Health: -5/105     AC: 28    Str: 25    XL:     13   Next: 7%
Magic:  11/13      EV:  5    Int:  9    God:    Okawaru [*****.]
Gold:   621        SH:  0    Dex: 10    Spells: 0 memorised, 12 levels left

rFire  . . .     SeeInvis +     j - +2 mace (protect)
rCold  . . .     Gourm    .     W - +0 plate armour
rNeg   . . .     Faith    .     c - +0 shield
rPois  +         Spirit   .     (helmet unavailable)
rElec  .         Reflect  .     i - +0 cloak
rCorr  .         Harm     .     R - +1 pair of gloves {archery}
MR     ++...                    (no boots)
Stlth  ..........               (no amulet)
                                I - ring of poison resistance
                                x - ring of protection from magic

@: heroism, petrifying, protection aura, very slow
A: permanent stasis, dig shafts and tunnels, four strong arms, antennae 3
a: Dig, Shaft Self, Heroism, Finesse, Renounce Religion


You were on level 4 of the Lair of Beasts.
You worshipped Okawaru.
Okawaru was extremely pleased with you.
You were not hungry.

You visited 2 branches of the dungeon, and saw 15 of its levels.

You collected 858 gold pieces.
You spent 237 gold pieces at shops.

Inventory:

Hand Weapons
 j - a +2 mace of protection (weapon)
 p - a +1 mace of holy wrath
 L - the +8 quarterstaff of Infinity {holy, MP+9 Int+6 Stlth+}
   (Okawaru gifted it to you on level 10 of the Dungeon)

   It has been blessed by the Shining One to cause great damage to the undead
   and demons.
   It affects your intelligence (+6).
   It affects your magic capacity (+9).
   It makes you more stealthy.
Armour
 c - a +0 shield (worn)
 d - a +0 chain mail
 i - a +0 cloak (worn)
 C - the +4 chain mail of Tenacity {rF- rCorr Dex+2 SInv}
   (You bought it in a shop on level 5 of the Dungeon)

   It affects your dexterity (+2).
   It makes you vulnerable to fire.
   It lets you see invisible.
   It protects you from acid and corrosion.
 R - a +1 pair of gloves of archery (worn)
 W - a +0 plate armour (worn)
 Y - the +4 ring mail of the Wasteland {rPois MR+++ Str-4 SInv}
   (You found it on level 3 of the Lair of Beasts)

   It affects your strength (-4).
   It protects you from poison.
   It affects your resistance to hostile enchantments.
   It lets you see invisible.
Jewellery
 x - a ring of protection from magic (left hand)
 y - an uncursed ring of protection from magic
 I - a ring of poison resistance (right hand)
 Q - a +3 amulet of reflection {unknown}
Wands
 z - a wand of polymorph (5/24)
 H - a wand of lightning (4/15)
 J - a wand of random effects (28/48)
 M - a wand of iceblast (4/15)
 S - a wand of slowing (33/48)
 X - a wand of random effects (30/48)
Scrolls
 g - 10 scrolls of remove curse {@r2}
 k - 5 scrolls of recharging {unknown}
 l - 7 scrolls of identify {unknown}
 m - 2 scrolls of fear {unknown}
 r - 2 scrolls of enchant weapon {unknown}
 t - 5 scrolls of enchant armour {unknown}
 v - 3 scrolls of amnesia {unknown}
 A - a scroll of teleportation {unknown}
 D - 4 scrolls of fog {unknown}
 E - 3 scrolls of noise {unknown}
 G - a scroll of random uselessness {unknown}
 N - a scroll of holy word {unknown}
 O - 2 scrolls of immolation {unknown}
 P - a scroll of brand weapon {unknown}
 V - a scroll of vulnerability {unknown}
Potions
 e - 4 potions of heal wounds {unknown}
 n - a potion of flight {unknown}
 o - 6 potions of curing {@q1}
 q - 4 potions of mutation {unknown}
 s - 2 potions of brilliance {unknown}
 u - 6 potions of agility
 w - 2 potions of degeneration {unknown}
 B - 2 potions of beneficial mutation {unknown}
 F - 3 potions of haste {unknown}
 K - a potion of might
Books
 a - a book of Misfortune

   Spells                             Type                      Level
   a - Confusing Touch                Hexes                        1
   b - Confuse                        Hexes                        3
   c - Gell's Gravitas                Hexes/Translocation          3
   d - Petrify                        Transmutation/Earth          4
   e - Metabolic Englaciation         Hexes/Ice                    5
   f - Yara's Violent Unravelling     Hexes/Transmutation          5
 T - a book of Cantrips

   Spells                             Type                      Level
   a - Confusing Touch                Hexes                        1
   b - Animate Skeleton               Necromancy                   1
   c - Summon Small Mammal            Summoning                    1
   d - Apportation                    Translocation                1
 U - a book of Enchantments

   Spells                             Type                      Level
   a - Cause Fear                     Hexes                        4
   b - Yara's Violent Unravelling     Hexes/Transmutation          5
   c - Silence                        Hexes/Air                    5
   d - Deflect Missiles               Charms/Air                   6
   e - Discord                        Hexes                        8
Comestibles
 b - 22 fruits
 f - 9 bread rations
 h - 4 meat rations
 Z - 6 chunks of flesh


   Skills:
 + Level 10.8(15.8) Fighting
 * Level 12.9(17.9) Maces & Flails
 + Level 10.5(15.5) Armour
 - Level 0.3(5.3) Dodging
 + Level 11.7(16.7) Shields


You had 12 spell levels left.
You didn't know any spells.

Dungeon Overview and Level Annotations

Branches:
Dungeon (11/15)            Temple (0/1) D:7            Lair (4/6) D:9
 Shoals (0/4) Lair:3       Spider (0/4) Lair:2          Orc (0/2) D:10

Altars:
Cheibriados
Elyvilon
Fedhas
Gozag
Kikubaaqudgha
Okawaru
Ru
Sif Muna
Trog
Uskayaw
Vehumet
Yredelemnul

Shops:
D:5 [   D:8 ?   D:10 !

Annotations:
D:5 Thraspic's ghost, amateur TrCj
D:11 Fannar


Innate Abilities, Weirdness & Mutations

You are under a permanent stasis effect.
You can dig through walls and to a lower floor.
Your four strong arms can wield two-handed weapons with a shield.
You have a pair of large antennae on your head. (SInv)


Message History

The catoblepas gores you!
* * * LOW HITPOINT WARNING * * *
You gain the combat prowess of a mighty hero.
The catoblepas gores you!
* * * LOW HITPOINT WARNING * * *
You sock the catoblepas!
The catoblepas is heavily wounded.
The catoblepas gores you but does no damage.
You sock the catoblepas!
The catoblepas is heavily wounded.
You hit the catoblepas.
The catoblepas is severely wounded.
The catoblepas breathes a plume of calcifying dust at you.
The blast of calcifying dust hits you!
You hit the catoblepas.
The catoblepas is severely wounded.
You are engulfed in calcifying dust.
You are slowing down.
The catoblepas gores you!!
You die...

..............
.............
............ ..PP......
#PPP.... #<..§.#
##...§.## #.....#
#....@..# ......
##...Y.+..... #....##
#P.....# ... #....##
#......# ####....##
#......# ####......##
##......####.##......##
...............^......##
.........................
P.###P#....######.##..##.


You could see a catoblepas.

Vanquished Creatures
  2 hydras (Lair:3)
  A catoblepas (Lair:3)
  A tengu warrior (D:10)
  The ghost of Shard1697 the Cleaver, a novice FoFi of Okawaru (D:6)
  3 black mambas
  8 spiny frogs
  3 komodo dragons
  A hornet (D:7)
  2 polar bears
  A troll (D:9)
  A two-headed ogre (D:8)
  5 hippogriffs
  2 redbacks (Lair:2)
  Eustachio (D:6)
  2 basilisks
  13 yaks
  A hungry ghost (D:8)
  A warg (D:10)
  5 water moccasins
  7 porcupines
  4 orc warriors
  5 ice beasts
  4 sky beasts
  2 black bears
  6 ogres
  An eye of draining (D:6)
  2 phantoms
  6 wolves (Lair:3)
  4 centaurs
  5 crocodiles
  A big kobold (D:8)
  16 bullfrogs
  A water moccasin zombie (D:10)
  A scorpion (D:9)
  4 killer bees (D:10)
  7 wights
  2 electric eels
  4 crimson imps
  A bullfrog zombie (D:6)
  4 hounds
  6 jellies
  Crazy Yiuf (D:3)
  7 orc priests
  2 centaur skeletons
  4 iguanas
  12 orc wizards
  4 worker ants
  2 hound skeletons
  A hound zombie (D:6)
  A worker ant zombie (D:9)
  7 adders
  A shadow imp (D:7)
  12 white imps (Lair:1)
  2 oozes
  An adder zombie (D:6)
  2 adder skeletons (D:6)
  2 worms (D:2)
  5 leopard geckos
  34 orcs
  2 giant cockroaches
  7 hobgoblins
  7 jackals
  4 quokkas
  A ball python (D:5)
  10 bats
  5 frilled lizards
  9 goblins
  A jackal zombie (D:6)
  11 kobolds
  A leopard gecko zombie (D:6)
  2 quokka skeletons (D:6)
  A quokka zombie (D:5)
  8 rats
  2 plants (Lair:2)
318 creatures vanquished.

Vanquished Creatures (others)
  An orc wizard (D:5)
  A quokka (D:2)
  3 fungi
  5 plants
10 creatures vanquished.

Grand Total: 328 creatures vanquished

Notes
Turn   | Place    | Note
-------+----------+-------------------------------------------
     0 | D:1      | sleepydude the Formicid Fighter began the quest for the Orb.
     0 | D:1      | Reached XP level 1. HP: 18/18 MP: 1/1
    67 | D:1      | Reached XP level 2. HP: 20/24 MP: 2/2
   490 | D:2      | Found an opulent altar of Gozag.
   548 | D:2      | Reached XP level 3. HP: 29/29 MP: 3/3
   561 | D:2      | Found a radiant altar of Vehumet.
   594 | D:2      | Found an iron altar of Okawaru.
   594 | D:2      | Found a snail-covered altar of Cheibriados.
   598 | D:2      | Became a worshipper of Warmaster Okawaru
   769 | D:2      | Found an ancient bone altar of Kikubaaqudgha.
   778 | D:2      | Found a sacrificial altar of Ru.
   785 | D:2      | Found a blossoming altar of Fedhas.
   789 | D:2      | Found a hide-covered altar of Uskayaw.
  1026 | D:2      | Reached XP level 4. HP: 23/36 MP: 4/4
  1474 | D:3      | Reached skill level 3 in Maces & Flails
  1492 | D:3      | Found an iron altar of Okawaru.
  1632 | D:3      | Found a runed door.
  1867 | D:3      | Noticed Crazy Yiuf
  1875 | D:3      | Killed Crazy Yiuf
  2032 | D:4      | Reached XP level 5. HP: 41/42 MP: 5/5
  2221 | D:4      | Reached XP level 6. HP: 47/48 MP: 6/6
  2565 | D:5      | Entered Level 5 of the Dungeon
  2601 | D:5      | Noticed an ogre
  2615 | D:5      | Reached skill level 4 in Maces & Flails
  2615 | D:5      | Reached skill level 5 in Shields
  2622 | D:5      | Killed an ogre
  2622 | D:5      | Reached * piety under Okawaru
  3330 | D:5      | Reached XP level 7. HP: 55/55 MP: 7/7
  3371 | D:5      | Noticed Thraspic's ghost (amateur TrCj)
  3804 | D:5      | Found Comaril's Antique Armour Shop.
  3814 | D:5      | Bought a faintly glowing chain mail for 237 gold pieces
  3824 | D:5      | Identified the +4 chain mail of Tenacity {rF- rCorr Dex+2 SInv} (You bought it in a shop on level 5 of the Dungeon)
  3853 | D:5      | Found a white marble altar of Elyvilon.
  3914 | D:5      | Reached skill level 5 in Maces & Flails
  3930 | D:5      | Reached skill level 5 in Fighting
  4041 | D:5      | Reached skill level 5 in Armour
  4041 | D:5      | Reached XP level 8. HP: 60/62 MP: 8/8
  4212 | D:5      | Reached ** piety under Okawaru
  4291 | D:6      | Noticed Shard1697's ghost (novice FoFi)
  4369 | D:6      | Reached skill level 6 in Maces & Flails
  4811 | D:6      | Noticed Eustachio
  4834 | D:6      | Killed Eustachio
  4843 | D:6      | Reached XP level 9. HP: 67/69 MP: 9/9
  5292 | D:6      | Reached skill level 7 in Maces & Flails
  5923 | D:6      | Found a bloodstained altar of Trog.
  6023 | D:6      | Reached *** piety under Okawaru
  6506 | D:6      | Killed Shard1697's ghost
  6506 | D:6      | Reached skill level 8 in Maces & Flails
  7059 | D:7      | Found a staircase to the Ecumenical Temple.
  7118 | D:7      | Reached XP level 10. HP: 77/79 MP: 10/10
  7364 | D:7      | Reached **** piety under Okawaru
  7398 | D:7      | Reached skill level 9 in Maces & Flails
  9330 | D:8      | Found Jarevul's Magic Scroll Shop.
  9674 | D:9      | Found a staircase to the Lair.
  9777 | D:9      | Reached skill level 10 in Maces & Flails
  9841 | D:9      | Reached XP level 11. HP: 28/86 MP: 9/11
 10331 | D:9      | Found a deep blue altar of Sif Muna.
 10618 | D:10     | Entered Level 10 of the Dungeon
 10676 | D:10     | Reached ***** piety under Okawaru
 11088 | D:10     | Reached skill level 10 in Shields
 11102 | D:10     | Upgraded the game from 0.19-a0-1899-g2d93087 to 0.19-a0-1903-gead39cf
 11297 | D:10     | Noticed a tengu warrior
 11320 | D:10     | Killed a tengu warrior
 11579 | D:10     | Found Onitix's Distillery.
 11624 | D:10     | Reached skill level 11 in Maces & Flails
 11630 | D:10     | Received a gift from Okawaru
 11634 | D:10     | Got a pitted quarterstaff {god gift}
 11635 | D:10     | Identified the +8 quarterstaff of Infinity {holy, MP+9 Int+6 Stlth+} (Okawaru gifted it to you on level 10 of the Dungeon)
 11648 | D:10     | Found a staircase to the Orcish Mines.
 11996 | D:11     | Found a basalt altar of Yredelemnul.
 12053 | D:11     | Noticed Fannar
 12121 | Lair:1   | Entered Level 1 of the Lair of Beasts
 13581 | Lair:2   | Found a hole to the Spider Nest.
 13605 | Lair:2   | Reached XP level 12. HP: 39/96 MP: 12/12
 14454 | Lair:2   | Received a gift from Okawaru
 14527 | Lair:3   | Found a staircase to the Shoals.
 14987 | Lair:3   | Reached skill level 10 in Fighting
 15159 | Lair:3   | Noticed a catoblepas
 15187 | Lair:3   | Killed a catoblepas
 15187 | Lair:3   | Reached skill level 12 in Maces & Flails
 15187 | Lair:3   | Reached skill level 10 in Armour
 15277 | Lair:3   | Noticed a five-headed hydra
 15594 | Lair:3   | Killed a five-headed hydra
 16366 | Lair:3   | Got an ancient ring mail
 16377 | Lair:3   | Identified the +4 ring mail of the Wasteland {rPois MR+++ Str-4 SInv} (You found it on level 3 of the Lair of Beasts)
 16523 | Lair:3   | Noticed a four-headed hydra
 16537 | Lair:3   | Killed a four-headed hydra
 17394 | Lair:4   | Reached XP level 13. HP: 104/104 MP: 13/13
 17623 | Lair:4   | Noticed a catoblepas
 17678 | Lair:4   | Slain by a catoblepas

Vault maps used:
D:1:      roderic_crossed_star
D:2:      minitemple, gammafunk_temple_overflow_wave, grunt_gozag_breadcrumbs,
          fiery_altar_vehumet
D:3:      first_bread, grunt_decor_one_mirror, okawaru_ov_weapons_minmay,
          uniq_crazy_yiuf_cottage
D:5:      elyvilon_altar_1, serial_shops, nicolae_shop_overgrown_old_shop,
          minmay_misc_feat_x
D:6:      kennysheep_windowed_halls, serial_bayou_lagoon_a, trog_hazing_becter,
          uniq_eustachio
D:8:      serial_shops, shop
D:9:      lemuel_doored_altar, due_lair_maze_entry_diamond
D:10:     erik_orc_4, serial_shops, shop, grunt_tengu_nest
D:11:     yredelemnul_altar_generic, uniq_fannar, uniq_psyche
Lair:1:   portal_ice_cave_entry_imps, nicolae_quartered_pool_little, st_stairs_9
Lair:2:   spider_nest_entry_webs, hangedman_lair_unloving_vines
Lair:3:   beast_lair_carwin_large_2, shoals_dummy_entry
Lair:4:   infiniplex_staircase_pool

Skill      XL: |  1  2  3  4  5  6  7  8  9 10 11 12 |
---------------+-------------------------------------+-----
Shields        | 4 5 7 8 9 10 11 | 11.7
Maces & Flails | 3 4 5 6 8 10 11 12 | 12.9
Fighting       | 4 5 6 7 8 9 10 | 10.8
Armour         | 4 5 7 8 9 10 | 10.5
Dodging        | |  0.3

Action                   |  1- 3 |  4- 6 |  7- 9 | 10-12 | 13-15 || total
-------------------------+-------+-------+-------+-------+-------++-------
Melee: Flail             |    45 |       |       |       |       ||    45
       Mace              |    45 |   107 |   422 |  1297 |    65 ||  1936
Invok: Heroism           |       |       |     7 |    12 |     2 ||    21
 Abil: Dig               |       |       |       |     1 |       ||     1
  Use: Scroll            |       |     1 |       |       |       ||     1
       Potion            |       |     1 |       |     1 |       ||     2
  Eat: Chunk             |       |     3 |     7 |    17 |       ||    27
       Beef jerky        |       |     2 |       |     4 |       ||     6
       Royal jelly       |       |     1 |       |     1 |       ||     2
       Bread ration      |       |       |     1 |       |       ||     1
       Meat ration       |       |       |       |     1 |       ||     1
       Fruit             |       |       |       |    11 |       ||    11
       Pizza             |       |       |       |     1 |       ||     1
Armor: Scale mail        |    37 |    29 |       |       |       ||    66
       Chain mail        |       |    22 |   225 |   503 |       ||   750
       Plate armour      |       |       |       |    95 |    29 ||   124
Dodge: Dodged            |    24 |    27 |   127 |   342 |     5 ||   525
Block: Shield            |    55 |    52 |   252 |   767 |    17 ||  1143
